 Dungeon Crawl Stone Soup version 0.23-a0-189-gc87c613 (webtiles) character file.

784 Felrender the Covered (level 7, -18/54 HPs)
             Began as a Demonspawn Fighter on Sept 24, 2018.
             Was a Follower of Okawaru.
             Demolished by an ogre
             ... wielding a +0 giant club
              (19 damage)
             ... on level 5 of the Dungeon.
             The game lasted 00:07:43 (4279 turns).

Felrender the Covered (Demonspawn Fighter)          Turns: 4279, Time: 00:07:44

Health: -18/54     AC:  9    Str: 23    XL:     7   Next: 55%
Magic:  7/7        EV:  8    Int: 10    God:    Okawaru [*.....]
Gold:   152        SH:  9    Dex: 12    Spells: 6/6 levels left

rFire    + . .     SeeInvis .   a - +2 long sword
rCold    . . .     Gourm    .   c - +0 shield
rNeg     . . .     Faith    .   b - +0 scale mail
rPois    .         Spirit   .   (no helmet)
rElec    .         Reflect  .   m - +1 cloak
rCorr    .         Harm     .   (no gloves)
MR       .....                  (no boots)
Stlth    ..........             (no amulet)
HPRegen  0.18/turn              i - ring of protection from fire
MPRegen  0.10/turn              (no ring)

@: mighty
A: hooves 1, powered by pain 2
a: Heroism, Renounce Religion


You were on level 5 of the Dungeon.
You worshipped Okawaru.
Okawaru was aware of your devotion.
You were not hungry.

You visited 2 branches of the dungeon, and saw 6 of its levels.

You collected 152 gold pieces.

Inventory:

Hand Weapons
 a - a +2 long sword (weapon)
Missiles
 h - 47 bolts
Armour
 b - a +0 scale mail (worn)
 c - a +0 shield (worn)
 m - a +1 cloak (worn)
Jewellery
 i - a ring of protection from fire (left hand)
Wands
 g - a wand of flame (28)
Scrolls
 o - 2 scrolls of fear
 q - 2 scrolls of amnesia
 r - a scroll of magic mapping
Potions
 d - a potion of lignification {unknown}
 e - 2 potions of brilliance
 f - a potion of flight
 j - a potion of heal wounds {unknown}
 p - a potion of degeneration {unknown}
 s - a potion of cancellation {unknown}
 t - 2 potions of curing {unknown}
 u - a potion of haste
Comestibles
 l - 3 rations


   Skills:
 + Level 4.3 Fighting
 + Level 4.9 Long Blades
 + Level 5.0 Armour
 + Level 1.5 Dodging
 + Level 0.2 Stealth
 + Level 3.7 Shields
 + Level 0.1 Invocations


You had 6 spell levels left.
You didn't know any spells.
Your spell library was empty.

Dungeon Overview and Level Annotations

Branches:
Dungeon (5/15)             Temple (1/1) D:4

Altars:
Dithmenos
Elyvilon
Fedhas
Gozag
Kikubaaqudgha
Makhleb
Okawaru
Ru
Uskayaw
Wu Jian
Xom
Zin


Innate Abilities, Weirdness & Mutations

You have large cloven feet.
You sometimes gain power by taking damage.


Message History

The ogre is lightly wounded.
The ogre hits you with a giant club!
Your shield and scale mail prevent you from hitting the ogre.
The ogre is lightly wounded.
You block the ogre's attack.
You slash the ogre!
The ogre is moderately wounded.
The ogre hits you with a giant club!!
* * * LOW HITPOINT WARNING * * *
You hit the ogre but do no damage. You kick the ogre, but do no damage.
The ogre is moderately wounded.
The ogre hits you with a giant club.
* * * LOW HITPOINT WARNING * * *
You feel very mighty all of a sudden. The ogre hits you with a giant club!
* * * LOW HITPOINT WARNING * * *
You hit the ogre.
The ogre is severely wounded.
The ogre hits you with a giant club!!
You die...

#.∩....)
####.......
#.....<.... ######
##.##....... ....#
#..##.......
#.#.####>###.......
#.#..##..# #.......
#..#.##.## ##......
##@#.##.# ##.....
##O#....# #.####
#......## #..##..#
#..###...# #..#
###.. #......#..
........%..
.#.###.....##


You could see an ogre.

Vanquished Creatures
  Grinder (D:3)
  Edmund (D:4)
  An ogre (D:4)
  Crazy Yiuf (D:4)
  Jessica (D:3)
  Natasha (thrice) (D:3)
  Ijyb (D:4)
  An orc wizard (D:3)
  7 adders
  3 gnolls (D:4)
  An ooze (D:3)
  An adder skeleton (D:4)
  A worm (D:2)
  2 dart slugs
  4 leopard geckos
  10 orcs
  3 ball pythons
  4 giant cockroaches
  3 goblins
  5 hobgoblins
  8 jackals
  5 kobolds
  A quokka (D:3)
  9 bats
  2 frilled lizards
  7 rats
86 creatures vanquished.

Notes
Turn   | Place    | Note
-------+----------+-------------------------------------------
     0 | D:1      | Felrender the Demonspawn Fighter began the quest for the
                  | Orb.
     0 | D:1      | Reached XP level 1. HP: 18/18 MP: 1/1
     2 | D:1      | You fall through a shaft!
    12 | D:2      | Gained mutation: You sometimes gain a little power by
                  | taking damage. [demonic ancestry]
    12 | D:2      | Reached XP level 2. HP: 13/24 MP: 2/2
   254 | D:1      | Reached skill level 3 in Armour
   527 | D:1      | Gained mutation: You have large cloven feet. [demonic
                  | ancestry]
   527 | D:1      | Reached XP level 3. HP: 29/29 MP: 3/3
  1441 | D:2      | Found an opulent altar of Gozag.
  1441 | D:2      | Found a glowing silver altar of Zin.
  1559 | D:2      | You fall through a shaft for 2 floors!
  1581 | D:4      | Reached XP level 4. HP: 13/36 MP: 4/4
  1608 | D:4      | Found a staircase to the Ecumenical Temple.
  1620 | Temple   | Entered the Ecumenical Temple
  1861 | Temple   | Became a worshipper of Warmaster Okawaru
  1903 | D:4      | Noticed Ijyb
  1903 | D:4      | Noticed Edmund
  1918 | D:4      | Killed Ijyb
  1925 | D:4      | Killed Edmund
  1925 | D:4      | Reached skill level 4 in Armour
  1925 | D:4      | Reached skill level 1 in Dodging
  1925 | D:4      | Gained mutation: You sometimes gain power by taking damage.
                  | [demonic ancestry]
  1925 | D:4      | Reached XP level 5. HP: 13/42 MP: 5/5
  2234 | D:4      | Found a runed door.
  2238 | D:4      | Noticed Crazy Yiuf
  2246 | D:4      | Killed Crazy Yiuf
  2246 | D:4      | Reached XP level 6. HP: 31/48 MP: 6/6
  2425 | D:4      | Reached * piety under Okawaru
  3026 | D:3      | Noticed Grinder
  3039 | D:3      | Killed Grinder
  3039 | D:3      | Reached XP level 7. HP: 33/54 MP: 4/7
  3128 | D:3      | Noticed Natasha
  3135 | D:3      | Killed Natasha
  3251 | D:3      | Noticed Natasha
  3262 | D:3      | Killed Natasha
  3300 | D:3      | Noticed Jessica
  3304 | D:3      | Killed Jessica
  3493 | D:3      | Found an ornate altar of the Wu Jian Council.
  3595 | D:3      | Noticed Natasha
  3612 | D:3      | Killed Natasha
  3612 | D:3      | Reached skill level 5 in Armour
  4187 | D:5      | Entered Level 5 of the Dungeon
  4278 | D:5      | HP: 1/54 [ogre/giant club (10)]
  4279 | D:5      | Demolished by an ogre

Vault maps used:
D:1:      minmay_arrival_wavy_path
D:2:      grunt_temple_overflow_gold_and_silver
D:3:      lemuel_coloured_pillars_altar, uniq_jessica, uniq_grinder,
          uniq_natasha
D:4:      minmay_temple_entry_junction, minmay_distorted,
          uniq_crazy_yiuf_cottage, uniq_edmund, uniq_ijyb
D:5:      nicolae_overflow_hidden_temple, first_ration, serial_shops,
          nicolae_shop_window_shopping, kennysheep_pointless_box, abandoned_shop
Temple:   jpeg_temple_island

Skill      XL: |  1  2  3  4  5  6  7 |
---------------+----------------------+-----
Long Blades    | 2 3 4 |  4.9
Armour         | 3 4 5 |  5.0
Shields        | 3 |  3.7
Dodging        | 1 |  1.5
Fighting       | 4 |  4.3
Stealth        | |  0.2
Invocations    | |  0.1

Action                   |  1- 3 |  4- 6 |  7- 9 || total
-------------------------+-------+-------+-------++-------
Melee: Long sword        |    90 |    91 |    92 ||   273
       Kick              |    14 |    27 |    16 ||    57
Invok: Heroism           |       |     1 |       ||     1
  Use: Scroll            |     7 |     2 |     4 ||    13
       Potion            |     1 |     1 |     1 ||     3
  Eat: Ration            |     1 |     1 |     1 ||     3
       Chunk             |       |       |     2 ||     2
Armor: Scale mail        |    53 |    27 |    34 ||   114
Dodge: Dodged            |    40 |    22 |    33 ||    95
Block: Shield            |    59 |    37 |    35 ||   131
       Rpst.: Long sword |    10 |     5 |     9 ||    24

Table legend:
 A = Non-vault XP
 B = Vault XP
 C = Vault XP percentage of total XP
 D = Non-vault monster count
 E = Vault monster count
 F = Vault count percentage of total count
                 A         B        C        D         E       F
            +---------+---------+-------+---------+---------+-------
      Total |     506 |     615 |  54.9 |      80 |       6 |   7.0
            +---------+---------+-------+---------+---------+-------
        D:1 |      39 |       0 |   0.0 |      20 |       0 |   0.0
        D:2 |      39 |       0 |   0.0 |      13 |       0 |   0.0
        D:3 |     159 |     369 |  69.9 |      23 |       3 |  11.5
        D:4 |     249 |     246 |  49.7 |      19 |       3 |  13.6
        D:5 |      20 |       0 |   0.0 |       5 |       0 |   0.0
            +---------+---------+-------+---------+---------+-------
